 Seeded DCSS version 0.30-a0-715-gdb4ae3ece1 (webtiles) character file.

Game seed: 17687520606925126856 (custom seed)

2283 BigDaddyOpFi the Thaumaturge (level 9, -1/55 HPs)
             Began as a Djinni Earth Elementalist on Jan 24, 2023.
             Slain by Edmund
             ... wielding a +0 flail of protection
              (4 damage)
             ... on level 6 of the Dungeon.
             The game lasted 00:10:17 (5441 turns).

BigDaddyOpFi the Thaumaturge (DjEE)                 Turns: 5441, Time: 00:10:18

Health: -1/55      AC:  2    Str: 13    XL:     9   Next: 66%
Gold:   48         EV: 19    Int: 18    God:
                   SH:  0    Dex: 13

rFire   + + .      SeeInvis .    p - +2 broad axe (venom)
rCold   x . .      Faith    .    (no shield)
rNeg    . . .      Spirit   .    a - +0 robe
rPois   ∞          Reflect  .    (no helmet)
rElec   .          Harm     .    (no cloak)
rCorr   .          Rampage  .    (no gloves)
Will    .....                    (boots unavailable)
Stlth   +++                      f - amulet of regeneration
HPRegen 1.09/turn                e - +5 ring of evasion
MPRegen 0.00/turn                (no ring)

@: flying
A: sickness immunity, fire resistance 2, cold vulnerability 1, float, innate
caster, HP casting, extra vitality 1, strong 1
a: no special abilities


You were on level 6 of the Dungeon.
You visited 1 branch of the dungeon, and saw 6 of its levels.

You collected 249 gold pieces.
You spent 201 gold pieces at shops.

Inventory:

Hand Weapons
 c - a +2 dagger of venom
 n - a +1 war axe of electrocution
 p - a +2 broad axe of venom (weapon)
Missiles
 r - a throwing net
Armour
 a - a +0 robe (worn)
Jewellery
 e - a +5 ring of evasion (left hand)
 f - an amulet of regeneration (around neck)
 j - a ring of willpower
 s - a ring of protection from cold
 w - an amulet of reflection
 y - a ring of ice
Wands
 u - a wand of paralysis (13)
 A - a wand of acid (7)
 D - a wand of mindburst (19)
Scrolls
 d - 5 scrolls of identify {unknown}
 g - a scroll of enchant armour {unknown}
 h - 2 scrolls of teleportation {unknown}
 i - a scroll of blinking {unknown}
 k - 2 scrolls of magic mapping {unknown}
 o - 2 scrolls of poison {unknown}
 v - a scroll of fear {unknown}
 x - 2 scrolls of enchant weapon {unknown}
 z - a scroll of summoning {unknown}
 B - a scroll of fog {unknown}
 C - a scroll of immolation {unknown}
 E - 2 scrolls of noise {unknown}
Potions
 b - 2 potions of magic
 l - a potion of invisibility
 m - a potion of might {unknown}
 t - a potion of attraction {unknown}
 F - a potion of mutation


   Skills:
 + Level 6.5 Dodging
 + Level 5.3 Stealth
 + Level 9.5 Spellcasting


You had 8 spell levels left.
You knew the following spells:

 Your Spells              Type           Power      Damage    Failure   Level
a - Sandblast             Erth           86%        2d18      1%          1
b - Passwall              Tmut/Erth      35%        N/A       1%          2
c - Stone Arrow           Conj/Erth      86%        3d12      1%          3
d - Petrify               Tmut/Erth      43%        N/A       1%          4
e - Necrotise             Necr           100%       1d9       1%          1
f - Call Imp              Summ           43%        N/A       1%          2
g - Call Canine Familiar  Summ           43%        N/A       1%          3
h - Inner Flame           Hex/Fire       43%        N/A       1%          3
Your spell library was empty.

Dungeon Overview and Level Annotations

Branches:
Dungeon (6/15)             Temple (0/1) D:6

Altars:
Ashenzari
Gozag
Uskayaw
Zin

Shops:
D:3 :   D:6 [(*

Annotations:
D:6 Edmund


Innate Abilities, Weirdness & Mutations

You are immune to sickness and miasma.
You are immune to poison.
Your flesh is very heat resistant. (rF++)
You are vulnerable to cold. (rC-)
You float through the air rather than walking.
You learn spells naturally, not from books.
Your magical power is your life essence.
You have superior vitality. (+4 MHP)
Your muscles are strong. (Str +4, Int/Dex -1)


Message History

The stone arrow hits Menkaure!!
Menkaure is heavily damaged.
The stone arrow hits Menkaure!
Menkaure is severely damaged.
Menkaure gestures wildly while chanting.
Menkaure seems to speed up.
Edmund the Younger comes into view.
He is wielding a +0 flail of protection.
The stone arrow hits Menkaure!!
You destroy Menkaure!
Edmund drinks a potion.
Edmund flickers and vanishes!
Deactivating autopickup; reactivate with Ctrl-A.
You can't see any susceptible monsters within range! (Use Z to cast anyway.) No target in view!
Casting: Stone Arrow (safe; 1% risk of failure)
Confirm with . or Enter, or press ? or * to list all spells.
You can't see any susceptible monsters within range! (Use Z to cast anyway.) Unknown command.
You completely miss something. Something hits you.
Something closely misses you.
You closely miss something. Something hits you!
You closely miss something. Something hits you. x2
You hit something but do no damage. Something hits you.
Something closely misses you.
You miss something. Something hits you!
You closely miss something. Something hits you! Something closely misses you.
You closely miss something. Something closely misses you.
You barely miss something. Something hits you!
* * * LOW HITPOINT WARNING * * *
Something completely misses you.
You hit something but do no damage. Something hits you!
* * * LOW HITPOINT WARNING * * *
Something hits you!
* * * LOW HITPOINT WARNING * * *
It was a potion of flight.
You feel more buoyant. Something misses you.
It was a potion of mutation.
You feel extremely strange.
You feel stronger. Something hits you.
You die...

#########...#.#
#.#
#<..........#.#
#.#
#.........###.#
#.#
#.#...#.......#
#.#####
#..:..#.#.#####
#.....#
#######.#.....#
#####.#
#.......#####.#
#.# #.####..#
#.# #.# #@.#
#.# #.# #{.#
#.# #.# #..#
#.# #.# ...#
#.#######.#
#.##
#.........# #.#
########### ..#
###


There were no monsters in sight!

Vanquished Creatures
  Sigmund (D:6)
  3 yaks
  Menkaure (D:6)
  A sky beast (D:6)
  An ogre (D:6)
  An orc warrior (D:6)
  2 phantoms (D:5)
  A kobold brigand (D:3)
  A necrophage (D:5)
  A scorpion (D:5)
  3 howler monkeys (D:3)
  2 hounds (D:6)
  A gnoll bouda (D:5)
  3 orc priests
  3 iguanas
  5 orc wizards
  15 gnolls
  9 adders
  A shadow imp (D:5)
  A worm (D:4)
  A dart slug (D:3)
  36 orcs
  5 ball pythons
  3 bats
  6 endoplasms
  9 giant cockroaches
  7 goblins
  7 hobgoblins
  23 jackals
  4 kobolds
  3 quokkas
  4 frilled lizards (D:1)
  4 rats
168 creatures vanquished.

Vanquished Creatures (collateral kills)
  2 orcs (D:3)
  A hobgoblin (D:4)
3 creatures vanquished.

Grand Total: 171 creatures vanquished

Notes
Turn   | Place    | Note
-------+----------+-------------------------------------------
     0 | D:1      | BigDaddyOpFi the Djinni Earth Elementalist began the quest
                  | for the Orb.
     0 | D:1      | BigDaddyOpFi set off with the following spells memorised:
                  | Sandblast, Passwall, Stone Arrow, Petrify.
     0 | D:1      | Reached XP level 1. HP: 15/15 MP: 0/0
   167 | D:1      | Reached XP level 2. HP: 21/21 MP: 0/0
   469 | D:1      | Reached XP level 3. HP: 25/25 MP: 0/0
   469 | D:1      | Learned a level 1 spell: Necrotise
  1269 | D:3      | Reached skill level 8 in Spellcasting
  1269 | D:3      | Reached XP level 4. HP: 31/31 MP: 0/0
  1343 | D:3      | Found Penosocw's Book Emporium.
  1402 | D:3      | Reached XP level 5. HP: 29/35 MP: 0/0
  1402 | D:3      | Learned a level 2 spell: Call Imp
  1980 | D:3      | Reached XP level 6. HP: 38/40 MP: 0/0
  2839 | D:3      | Reached XP level 7. HP: 35/45 MP: 0/0
  2839 | D:3      | Learned a level 3 spell: Call Canine Familiar
  3915 | D:5      | Entered Level 5 of the Dungeon
  3950 | D:5      | Reached XP level 8. HP: 47/50 MP: 0/0
  4013 | D:5      | Reached skill level 9 in Spellcasting
  4167 | D:5      | Reached skill level 5 in Dodging
  4530 | D:6      | Found Nastron's Armour Shoppe.
  4538 | D:6      | Found a staircase to the Ecumenical Temple.
  4538 | D:6      | Noticed a yak
  4539 | D:6      | Noticed a yak
  4542 | D:6      | Killed a yak
  4543 | D:6      | Noticed a yak
  4715 | D:5      | Killed a yak
  4716 | D:5      | Reached XP level 9. HP: 11/55 MP: 0/0
  4716 | D:5      | Learned a level 3 spell: Inner Flame
  4718 | D:5      | HP: 1/55 [yak (12)]
  4992 | D:6      | Found a hide-covered altar of Uskayaw.
  5005 | D:6      | Noticed Sigmund
  5010 | D:6      | Killed Sigmund
  5011 | D:6      | Reached skill level 5 in Stealth
  5091 | D:6      | Found Tacar's Weapon Emporium.
  5102 | D:6      | Bought a +2 broad axe of venom for 201 gold pieces
  5325 | D:6      | Found Ofeq's General Store.
  5325 | D:6      | Found an opulent altar of Gozag.
  5327 | D:6      | Found a glowing silver altar of Zin.
  5328 | D:6      | Found a broken altar of Ashenzari.
  5422 | D:6      | Noticed Menkaure
  5427 | D:6      | Noticed Edmund
  5428 | D:6      | Killed Menkaure
  5439 | D:6      | HP: 1/55 [something (7)]
  5441 | D:6      | Gained mutation: Your muscles are strong. (Str +4, Int/Dex
                  | -1) [potion of mutation]
  5441 | D:6      | Slain by Edmund

Illustrated notes

Levels and vault maps discovered:
D:1:      dpeg_arrival_houses_and_road, layout_loops_ring, hex_medium,
          nicolae_titane
D:2:      layout_loops_cross, grunt_ministairs_8
D:3:      lemuel_castle_with_subvaults [lemuel_castle_interior_carwin_2],
          layout_basic, serial_shops, shop_statue
D:4:      layout_basic, grunt_ministairs_13, nrook_campfire, st_stairs_11
D:5:      layout_rooms
D:6:      layout_basic, kennysheep_mini_moat, grunt_temple_overflow_open,
          minmay_temple_entry_sparse_star, serial_shops,
          nicolae_shop_bloodbath_and_beyond, nicolae_shop_hallway_stairs,
          nicolae_shop_hallway_stairs, nicolae_benzene_ring,
          chequers_serial_rivers_micro_e, uniq_menkaure, uniq_sigmund,
          uniq_edmund

Skill      XL: |  1  2  3  4  5  6  7  8  9 |
---------------+----------------------------+-----
Stealth        | 2 3 4 5 |  5.3
Dodging        | 3 4 5 6 |  6.5
Spellcasting   | 8 9 |  9.5

Action                     |  1- 3 |  4- 6 |  7- 9 || total
---------------------------+-------+-------+-------++-------
  Melee: Dagger            |     5 |     2 |       ||     7
         War axe           |       |       |     9 ||     9
         Broad axe         |       |       |    10 ||    10
   Cast: Sandblast         |    37 |     1 |    13 ||    51
         Stone Arrow       |       |    66 |   110 ||   176
         Petrify           |       |     3 |     3 ||     6
         Call Imp          |       |     1 |       ||     1
         Necrotise         |       |       |     4 ||     4
         Call Canine Famil |       |       |     2 ||     2
    Use: Potion            |     1 |       |     4 ||     5
   Stab: Sleeping          |     1 |       |       ||     1
 Armour: Robe              |     5 |     1 |     5 ||    11
  Dodge: Dodged            |    13 |     5 |    55 ||    73

Table legend: (Time is in decaauts)
 A = Elapsed time spent in this place.
 B = Non-inter-level travel time spent in this place.
 C = Inter-level travel time spent in this place.
 D = Time resting spent in this place.
 E = Time spent auto-exploring this place.
 F = Levels seen in this place.
 G = Mean time per level.
                   A        B        C        D        E       F      G
               +--------+--------+--------+--------+--------+-----+--------+
         Total |   5478 |   5332 |    146 |   1316 |   3236 |   6 |  913.0 |
       Dungeon |   5478 |   5332 |    146 |   1316 |   3236 |   6 |  913.0 |
               +--------+--------+--------+--------+--------+-----+--------+

Top non-repeatable levels by time:
     D:3: 1793 daAuts
     D:5: 978 daAuts
     D:4: 856 daAuts
     D:1: 752 daAuts
     D:6: 566 daAuts
     D:2: 531 daAuts
